 Dungeon Crawl Stone Soup version 0.27.0-1-g7a089689b8 (webtiles) character file.

Game seed: 14912573653286961331

3 EnegeticOcto the Shield-Bearer (level 1, 14/20 HPs)
             Began as a Deep Dwarf Fighter on Aug 2, 2021.
             Was a Believer of Lugonu.
             Quit the game on level 1 of the Dungeon.
             The game lasted 00:00:16 (272 turns).

EnegeticOcto the Shield-Bearer (Deep Dwarf Fighter)  Turns: 272, Time: 00:00:16

Health: 14/20      AC:  8    Str: 19    XL:     1   Next: 41%
Magic:  1/1        EV:  7    Int:  8    God:    Lugonu [**....]
Gold:   0          SH:  9    Dex: 12    Spells: 0/0 levels left

rFire    . . .     SeeInvis .   a - +0 war axe
rCold    . . .     Faith    .   c - +0 kite shield
rNeg     . . .     Spirit   .   b - +0 scale mail
rPois    .         Reflect  .   (no helmet)
rElec    .         Harm     .   f - +0 cloak
rCorr    .         Rampage  .   (no gloves)
Will     .....                  (no boots)
Stlth    ..........             (no amulet)
HPRegen  0.00/turn              (no ring)
MPRegen  0.07/turn              (no ring)

@: no status effects
A: damage resistance, heal wounds, sense surroundings 1, no regeneration
a: Heal Wounds, Renounce Religion, Depart the Abyss, Bend Space


You were on level 1 of the Dungeon.
You worshipped Lugonu.
Lugonu was pleased with you.
You visited 1 branch of the dungeon, and saw 1 of its levels.

Inventory:

Hand Weapons
 a - a +0 war axe (weapon)
Armour
 b - a +0 scale mail (worn)
 c - a +0 kite shield (worn)
 f - a +0 cloak (worn)
Scrolls
 e - a scroll of identify {unknown}
Potions
 d - a potion of might {@q3}


   Skills:
 + Level 2.7 Fighting
 * Level 2.3 Axes
 + Level 3.3 Armour
 + Level 3.3 Shields


You couldn't memorise any spells.
You didn't know any spells.
Your spell library was empty.

Dungeon Overview and Level Annotations

Branches:
Dungeon (1/15)

Altars:
Lugonu


Innate Abilities, Weirdness & Mutations

You are resistant to damage.
You can heal yourself by infusing magical energy.
You passively map a small area around you.
You do not regenerate.


Message History

There are monsters nearby!
There are monsters nearby!
You closely miss the jackal.
The jackal is almost dead.
You hit the jackal.
The jackal bites you but does no damage.
The jackal bites you. You block the jackal's attack. x2
The jackal bites you but does no damage.
There are monsters nearby!
There are monsters nearby!
You barely miss the jackal.
The jackal is severely wounded.
You barely miss the jackal. You block the jackal's attack.
The jackal bites you but does no damage.
You block the jackal's attack. The jackal completely misses you.
The jackal bites you but does no damage.
You hit the jackal but do no damage.
The jackal is severely wounded.
You hit the jackal.
The jackal bites you but does no damage.
You block the jackal's attack. x3
You closely miss the jackal.
The jackal is severely wounded.
You hit the jackal but do no damage.
The jackal bites you but does no damage.
You block the jackal's attack. The jackal barely misses you.
The jackal bites you but does no damage. x2
You hit the jackal but do no damage.
The jackal is severely wounded.
You hit the jackal.
You kill the jackal!
The jackal closely misses you. The jackal bites you.
You block the frilled lizard's attack.
You closely miss the jackal.
The jackal is severely wounded.
You closely miss the frilled lizard.
The jackal bites you but does no damage.
You block the frilled lizard's attack. The jackal barely misses you.
The frilled lizard bites you but does no damage.
You closely miss the jackal.
The jackal is severely wounded.
You barely miss the frilled lizard. The jackal barely misses you. x2
You block the frilled lizard's attack. The jackal closely misses you.
You miss the jackal.
The jackal is heavily wounded.
You closely miss the frilled lizard. The jackal bites you.
You block the frilled lizard's attack. x2; The jackal bites you.
You hit the jackal.
You kill the jackal!
You miss the frilled lizard. The frilled lizard bites you.
A frilled lizard is nearby!
A frilled lizard is nearby!
A frilled lizard is nearby!
A frilled lizard is nearby!
You hit the frilled lizard.
You kill the frilled lizard!
No target in view!
No target in view!
No target in view!
No target in view!
No target in view!
No target in view!
No target in view!
No target in view!
No target in view!
No target in view!
Things that are here:
a frilled lizard corpse; a jackal corpse
Found a stone staircase leading down.
Found a faded altar of an unknown god.
e - a scroll labelled TAILED NEOTO
There is a faded altar of an unknown god here.
There is a shaft here.
There is a faded altar of an unknown god here.
Found a cloak.
No target in view!
No target in view!
No target in view!
No target in view!
No target in view!
No target in view!
No target in view!
No target in view!
No target in view!
No target in view!
No target in view!
No target in view!
No target in view!
Found an escape hatch in the floor.
Found a stone staircase leading down.
You see here a +0 cloak.
You start putting on your armour.
You continue putting on your +0 cloak. x4
You finish putting on your +0 cloak.
Things that are here:
a frilled lizard corpse; a jackal corpse
There is a faded altar of an unknown god here.
You cannot tell which god this altar belongs to.
Convert to them anyway?
Lugonu accepts your prayer! Lugonu welcomes you!
You can now depart the Abyss.
You can now bend space around yourself.
Are you sure you want to abandon this character and quit the game? (Confirm with "yes".)

##### #...### #......
#...### #############.##
#^........# #.####
#.#######.###..... #.#
#.....#### #@# #####.#
#########.###########.#
#..................##.####
#.#######.########.##.....
#.# #.# #.####### #.#
#.### #....# #.# #...#
####.# #.# ###.# #.# #.#
#.# ####.####


There were no monsters in sight!

Vanquished Creatures
  2 jackals (D:1)
  A frilled lizard (D:1)
3 creatures vanquished.

Notes
Turn   | Place    | Note
-------+----------+-------------------------------------------
     0 | D:1      | EnegeticOcto the Deep Dwarf Fighter began the quest for the
                  | Orb.
     0 | D:1      | Reached XP level 1. HP: 20/20 MP: 1/1
   151 | D:1      | Found a faded altar of an unknown god.
   271 | D:1      | Became a worshipper of Lugonu the Unformed
   271 | D:1      | Reached * piety under Lugonu
   271 | D:1      | Reached ** piety under Lugonu
   272 | D:1      | Quit the game

Illustrated notes

Levels and vault maps discovered:
D:1:      minmay_arrival_three_doors, layout_loops_ring, basic_ecumenical_altar,
          grunt_decor_fettered

Action                   || total
-------------------------++-------
Melee: War axe           ||    16
Armor: Scale mail        ||    23
Dodge: Dodged            ||    13
Block: Kite shield       ||    19
